 Dungeon Crawl Stone Soup version 0.22-a0-458-gb446440 (webtiles) character file.

100 KristoblXynda the Ruffian (level 4, -3/39 HPs)
             Began as a Troll Wizard on June 8, 2018.
             Slain by an orc priest
             ... wielding a +0 flail
              (5 damage)
             ... on level 6 of the Dungeon.
             The game lasted 00:03:36 (2040 turns).

KristoblXynda the Ruffian (Troll Wizard)            Turns: 2040, Time: 00:03:37

Health: -3/39      AC:  5    Str: 15    XL:     4   Next: 46%
Magic:  0/6        EV:  9    Int: 15    God:
Gold:   108        SH:  0    Dex:  8    Spells: 3/7 levels left

rFire    . . .     SeeInvis .     - Unarmed
rCold    . . .     Gourm    +   (no shield)
rNeg     . . .     Faith    .   a - +0 robe
rPois    +         Spirit   +   b - +0 hat
rElec    .         Reflect  .   (no cloak)
rCorr    .         Harm     .   (gloves unavailable)
MR       .....                  (boots unavailable)
Stlth    +.........             i - amulet of guardian spirit
HPRegen  0.53/turn              h - ring of poison resistance
MPRegen  0.10/turn              (no ring)

@: flying
A: large, unfitting armour, claws 3, fast metabolism 3, gourmand, regeneration
1, shaggy fur 1, tough skin 2
a: no special abilities


You were on level 6 of the Dungeon.
You were completely stuffed.

You visited 1 branch of the dungeon, and saw 4 of its levels.

You collected 108 gold pieces.

Inventory:

Armour
 a - a +0 robe (worn)
 b - a +0 hat (worn)
Jewellery
 h - a ring of poison resistance (left claw)
 i - an amulet of guardian spirit (around neck)
Wands
 p - a wand of iceblast (5)
Scrolls
 e - 4 scrolls of teleportation {unknown}
 g - 2 scrolls of magic mapping {unknown}
 k - 4 scrolls of identify {unknown}
 l - a scroll of fog {unknown}
 n - a scroll of fear {unknown}
 s - a scroll of immolation {unknown}
Potions
 f - a potion of resistance {unknown}
 j - a potion of mutation {unknown}
 o - a potion of might {unknown}
Comestibles
 d - 8 rations
 q - a chunk of flesh


   Skills:
 - Level 1.5 Dodging
 - Level 1.0 Stealth
 * Level 2.8 Unarmed Combat
 - Level 2.0 Spellcasting
 * Level 2.3 Conjurations
   Level 0.6 Summonings
   Level 0.6 Translocations


You had 3 spell levels left.
You knew the following spells:

 Your Spells              Type           Power        Failure   Level  Hunger
a - Magic Dart            Conj           #...         9%          1    #......
b - Mephitic Cloud        Conj/Pois/Air  #.......     43%         3    ###....

Your spell library contained the following spells:

 Spells                   Type           Power        Failure   Level  Hunger
 Conjure Flame            Conj/Fire      #.......     38%         3    ###....
 Slow                     Hex            #.......     32%         2    ###....
 Blink                    Tloc           N/A          26%         2    ###....
 Call Imp                 Summ           #.......     26%         2    ###....


Dungeon Overview and Level Annotations

Branches:
Dungeon (3/15)

Altars:
Fedhas
Qazlal


Innate Abilities, Weirdness & Mutations

You are too large for most types of armour.
You have claws for hands.
Your metabolism is lightning-fast.
You like to eat raw meat.
Your natural rate of healing is unusually fast.
You are covered in fur. (AC +1)
You have very tough skin. (AC +2)


Message History

You bump into the rock wall.
The orc closely misses you. The orc hits you but does no damage.
The orc priest hits you but does no damage.
You closely miss the orc.
You feel less invigorated.
You feel less confused. The orc hits you with a hand axe.
The orc hits you with a flail. The orc hits you.
* * * LOW HITPOINT WARNING * * *
The orc priest hits you with a flail!
* * * LOW HITPOINT WARNING * * *
You barely miss the orc priest.
The orc priest is heavily wounded.
The orc hits you with a hand axe.
* * * LOW HITPOINT WARNING * * *
The orc barely misses you. x2
Unknown command.
It was a potion of flight.
You feel very buoyant.
You fly up into the air.
The orc priest hits you with a flail.
You die...

#########
#oo......
#@o......
#o.......
#........
######...
#.


You could see an orc priest and 3 orcs.

Vanquished Creatures
  3 adders (D:2)
  2 worms
  3 dart slugs
  2 leopard geckos
  A giant cockroach (D:3)
  7 goblins
  5 hobgoblins
  2 jackals (D:3)
  9 kobolds
  5 quokkas
  2 ball pythons
  6 bats
  7 frilled lizards
  5 rats
59 creatures vanquished.

Vanquished Creatures (others)
  A plant (D:3)
1 creature vanquished.

Grand Total: 60 creatures vanquished

Notes
Turn   | Place    | Note
-------+----------+-------------------------------------------
     0 | D:1      | KristoblXynda the Troll Wizard began the quest for the Orb.
     0 | D:1      | Reached XP level 1. HP: 16/16 MP: 2/2
    45 | D:1      | Reached skill level 1 in Conjurations
    72 | D:1      | Reached skill level 1 in Unarmed Combat
    75 | D:1      | Reached XP level 2. HP: 14/24 MP: 4/4
   823 | D:2      | Reached XP level 3. HP: 30/31 MP: 5/5
  1182 | D:2      | Reached XP level 4. HP: 39/39 MP: 4/6
  1236 | D:2      | Found a stormy altar of Qazlal.
  1239 | D:2      | Noticed an earth elemental
  1241 | D:2      | Noticed a water elemental
  1241 | D:2      | Noticed a fire elemental
  1241 | D:2      | Noticed an air elemental
  1593 | D:3      | Learned a level 3 spell: Mephitic Cloud
  1927 | D:3      | Found a blossoming altar of Fedhas.
  2024 | D:3      | You fall through a shaft for 3 floors!
  2039 | D:6      | HP: 1/39 [orc/hand axe (1)]
  2040 | D:6      | Slain by an orc priest

Vault maps used:
D:1:      sevenhm_arrival_forest_fort_small_6
D:2:      first_ration, nicolae_qazlal_style_of_elements
D:3:      wad_woods_tower, lemuel_round_altar, uniq_jessica
D:6:      cheibriados_altar_1, serial_bayou, serial_bayou_pond_d,
          serial_bayou_lagoon_a, serial_bayou_pond_e, serial_bayou_shore_a,
          uniq_prince_ribbit1

Skill      XL: |  1  2  3 |
---------------+----------+-----
Conjurations   | 1 2 |  2.3
Unarmed Combat | 1 2 |  2.8
Dodging        | |  1.5
Stealth        | |  1.0
Spellcasting   | |  2.0
Summonings     | |  0.6
Translocations | |  0.6

Action                   |  1- 3 |  4- 6 || total
-------------------------+-------+-------++-------
Melee: Unarmed           |   136 |    84 ||   220
  Use: Potion            |       |     5 ||     5
  Eat: Chunk             |    16 |     8 ||    24
Armor: Robe              |    62 |    30 ||    92
Dodge: Dodged            |    64 |    35 ||    99

Table legend:
 A = Spawn XP
 B = Non-spawn XP
 C = Spawn XP percentage of total XP
 D = Spawn monster count
 E = Non-spawn monster count
 F = Spawn count percentage of total count
 G = Total turns spent on level
                    A         B        C        D         E        F      G
               +---------+---------+-------+---------+---------+-------+---------
         Total |       0 |     143 |   0.0 |       0 |      59 |   0.0 |  2040
               +---------+---------+-------+---------+---------+-------+---------
           D:1 |       0 |      38 |   0.0 |       0 |      24 |   0.0 |   727
           D:2 |       0 |      74 |   0.0 |       0 |      21 |   0.0 |   861
           D:3 |       0 |      31 |   0.0 |       0 |      14 |   0.0 |   436
               +---------+---------+-------+---------+---------+-------+---------
